 Dungeon Crawl Stone Soup version 0.21.1-1-g345015f (webtiles) character file.

23 poirepourri the Sneak (level 2, 0/13 HPs)
             Began as a Spriggan Enchanter on July 21, 2018.
             Slain by a bat (1 damage)
             ... on level 2 of the Dungeon.
             The game lasted 00:01:10 (846 turns).

poirepourri the Sneak (Spriggan Enchanter)           Turns: 846, Time: 00:01:10

Health: 0/13       AC:  2    Str:  4    XL:     2   Next: 72%
Magic:  0/6        EV: 18    Int: 16    God:
Gold:   67         SH:  0    Dex: 16    Spells: 3/6 levels left

rFire    . . .     SeeInvis +   a - +1 dagger
rCold    . . .     Gourm    .   (shield restricted)
rNeg     . . .     Faith    .   b - +0 robe
rPois    .         Spirit   .   (helmet restricted)
rElec    .         Reflect  .   (no cloak)
rCorr    .         Harm     .   (gloves unavailable)
MR       .....                  (boots unavailable)
Stlth    +++.......             (no amulet)
HPRegen  0.04/turn              (no ring)
MPRegen  0.10/turn              (no ring)

@: invisible, very quick
A: very small, unfitting armour, see invisible, herbivore, speed 3, slow
metabolism 2
a: no special abilities


You were on level 2 of the Dungeon.
You were not hungry.

You visited 1 branch of the dungeon, and saw 2 of its levels.

You collected 67 gold pieces.

Inventory:

Hand Weapons
 a - a +1 dagger (weapon)
Armour
 b - a +0 robe (worn)
Scrolls
 e - a scroll of teleportation
Potions
 f - a potion of cancellation {unknown}
 i - a potion of heal wounds {unknown}
 k - a potion of ambrosia {unknown}
Books
 c - a book of Maledictions

   Spells                             Type                      Level
   a - Corona                         Hexes                        1
   b - Ensorcelled Hibernation        Hexes/Ice                    2
   c - Confuse                        Hexes                        3
   d - Tukima's Dance                 Hexes                        3
   e - Dazzling Spray                 Conjuration/Hexes            3
Comestibles
 d - 4 rations


   Skills:
 - Level 1.1 Short Blades
 - Level 3.0 Dodging
 + Level 6.2 Stealth
 - Level 2.6 Spellcasting
 - Level 3.6 Hexes


You had 3 spell levels left.
You knew the following spells:

 Your Spells              Type           Power        Failure   Level  Hunger
a - Corona                Hex            ##.....      4%          1    #......
b - Ensorcelled Hibernat  Hex/Ice        #.....       14%         2    ##.....


Dungeon Overview and Level Annotations

Branches:
Dungeon (2/15)

Altars:


Innate Abilities, Weirdness & Mutations

You are very small and have problems with some larger weapons.
You are too small for most types of armour.
You have supernaturally acute eyesight. (SInv)
You are a herbivore.
You cover ground extremely quickly.
You need consume almost no food.


Message History

* * * LOW HITPOINT WARNING * * *
The bat hits you but does no damage. The bat closely misses you.
The bat completely misses you. The bat barely misses you. The bat misses you.
The bat closely misses you. The bat closely misses you.
Casting: Ensorcelled Hibernation
Confirm with . or Enter, or press ? or * to list all spells.
Aiming: Ensorcelled Hibernation
Press: ? - help, Shift-Dir - straight line, f - bat
Aim: a bat (chance to defeat MR: 56%)
The bat looks drowsy...
The helpless bat fails to defend itself.
You impale the bat!!
You kill the bat!
The bat barely misses you.
You fade into invisibility!
The bat completely misses you. The bat hits you.
You die...

.............#.[...
..?.......w...#
....w.#####.#.#
......# #.# ..
....>.# #.# .>#
......# #.### ...
....g.# #...##
#.### .....)#
###..###...#
.....## ##.b@.#
##### ####..# #...#
#.... #...## ##....
#....### ##.
#####......#
....<..###...#
######........
####### #


You could see a bat.

Vanquished Creatures
  An adder (D:2)
  A dart slug (D:1)
  2 bats
  A giant cockroach (D:1)
  2 goblins (D:1)
  2 hobgoblins (D:1)
  2 rats (D:1)
11 creatures vanquished.

Notes
Turn   | Place    | Note
-------+----------+-------------------------------------------
     0 | D:1      | poirepourri the Spriggan Enchanter began the quest for the Orb.
     0 | D:1      | Reached XP level 1. HP: 9/9 MP: 5/5
   182 | D:1      | Reached skill level 5 in Stealth
   230 | D:1      | Reached XP level 2. HP: 11/13 MP: 4/6
   272 | D:1      | Learned a level 2 spell: Ensorcelled Hibernation
   810 | D:2      | Reached skill level 6 in Stealth
   846 | D:2      | Slain by a bat

Skill      XL: |  1  2 |
---------------+-------+-----
Stealth        | 5 6 |  6.2
Short Blades   | |  1.1
Dodging        | |  3.0
Spellcasting   | |  2.6
Hexes          | |  3.6

Action                   || total
-------------------------++-------
Melee: Dagger            ||    34
 Cast: Corona            ||     3
       Ensorcelled Hiber ||     6
  Use: Scroll            ||     5
       Potion            ||     1
 Stab: Sleeping          ||     7
Armor: Robe              ||     3
Dodge: Dodged            ||    37
